Map: Emerald City LE

Players

Massa - Winner!

  • Race: Terran Terran
  • League: Platinum
  • Spawn Location: 11:00

qqq - Winner!

  • Race: Zerg Zerg
  • League: Platinum
  • Spawn Location: 11:00

GenieCZ

  • Race: Protoss Protoss
  • League: Platinum
  • Spawn Location: 5:00

Johnyroot

  • Race: Terran Terran
  • League: Silver
  • Spawn Location: 5:00

VOD

Have the link to the VOD?

Description

Time

  • Played on: Sept. 29, 2020, 4:29 p.m.
  • Length: 6:11
Show
View Real Time Build Order
Export as new Build Order

Massa Terran - Winner!

Build Orders:  

Get SALT Encoding   

  12  0:00  SCV  
  13  0:13  SCV  
  14  0:20  Supply Depot  
  14  0:25  SCV  
  15  0:42  SCV  
  16  0:43  Barracks  
  16  0:47  Refinery  
  16  0:54  SCV  
  17  0:57  Refinery  
  17  1:06  SCV  
  18  1:18  SCV  
  19  1:30  SCV  
  20  1:36  Marine  
  21  1:40  Factory  
  21  1:42  SCV  
  22  1:54  SCV  
  23  2:08  Command Center  
  23  2:18  Supply Depot  
  23  2:37  Orbital Command, Supply Depot  
  23  2:40  Marine  
  24  2:47  Hellion  
  26  3:01  Marine  
  27  3:06  SCV  
  27  3:08  Hellion  
  30  3:18  SCV  
  30  3:19  Marine  
  32  3:24  Orbital Command  
  32  3:30  SCV, Hellion  
  35  3:41  Armory  
  35  3:42  SCV  
  35  3:44  Starport  
  36  3:52  Barracks Tech Lab, Barracks  
  36  3:53  SCV  
  37  3:57  Widow Mine  
  39  4:27  Widow Mine  
  37  4:48  Widow Mine  
  37  5:00  Barracks Reactor  
  37  5:02  Marauder  
  37  5:06  SCV x2  
  41  5:09  Widow Mine  
  41  5:12  Starport Tech Lab  
  43  5:14  Command Center  
  43  5:16  Engineering Bay  
  43  5:18  SCV x2  
  45  5:23  Marauder  
  47  5:30  SCV  
  47  5:31  Hellion  
  50  5:40  SCV  
  52  5:42  SCV  
  52  5:52  SCV  
Show
View Real Time Build Order
Export as new Build Order

qqq Zerg - Winner!

Build Orders: Pool First 

Get SALT Encoding   

  12  0:01  Drone  
  13  0:08  Drone  
  14  0:28  Spawning Pool  
  13  0:36  Drone  
  14  0:58  Hatchery  
  13  1:06  Extractor, Overlord  
  13  1:10  Drone  
  13  1:16  Zergling x2  
  14  1:31  Zergling x4  
  16  1:44  Zergling x2  
  17  1:52  Zergling x2  
  18  2:01  Queen  
  18  2:02  Zergling x2  
  21  2:08  Metabolic Boost  
  21  2:13  Drone  
  22  2:22  Drone  
  23  2:24  Drone  
  23  2:29  Drone  
  25  2:45  Zergling x4  
  25  2:46  Zergling x2  
  25  3:05  Zergling x6  
  26  3:21  Zergling x2  
  26  3:22  Overlord x3  
  24  3:44  Zergling x4  
  24  3:45  Zergling x4  
  27  3:50  Zergling x4  
  27  3:51  Zergling x2  
  30  4:01  Drone, Baneling Nest  
  30  4:02  Zergling x2  
  31  4:15  Zergling x6  
  34  4:38  Zergling x4  
  34  4:39  Zergling x8  
  30  5:00  Zergling x6  
  30  5:01  Drone  
  30  5:05  Baneling x3  
  30  5:06  Baneling x4  
  34  5:07  Baneling  
  34  5:11  Drone  
  34  5:14  Baneling  
  35  5:16  Baneling  
  35  5:17  Baneling  
  35  5:19  Baneling  
  35  5:21  Drone  
  36  5:30  Zergling x4  
Show
View Real Time Build Order
Export as new Build Order

GenieCZ Protoss 

Build Orders:  

Get SALT Encoding   

  12  0:01  Probe (Chrono Boost)  
  13  0:10  Probe (Chrono Boost)  
  14  0:15  Probe (Chrono Boost)  
  15  0:22  Pylon  
  15  0:41  Probe  
  16  0:47  Gateway  
  16  1:01  Probe  
  17  1:13  Probe  
  18  1:25  Probe  
  19  1:38  Cybernetics Core  
  19  1:46  Probe (Chrono Boost)  
  20  1:48  Assimilator  
  20  1:51  Assimilator  
  20  1:55  Probe (Chrono Boost)  
  20  2:00  Probe (Chrono Boost)  
  20  2:05  Gateway  
  21  2:12  Probe  
  21  2:14  Gateway  
  22  2:15  Nexus  
  22  2:29  Pylon  
  21  2:44  Adept (Chrono Boost)  
  22  2:51  Probe  
  23  3:03  Probe  
  24  3:17  Warp Gate (Chrono Boost)  
  24  3:20  Zealot  
  24  3:21  Stalker, Adept  
  30  3:29  Probe x2  
  32  3:41  Probe  
  33  3:51  Pylon  
  33  3:57  Pylon  
  24  4:19  Stalker x3  
  6  5:05  Probe (Chrono Boost)  
  8  5:14  Probe (Chrono Boost)  
  8  5:19  Probe (Chrono Boost)  
  9  5:39  Zealot  
Show
View Real Time Build Order
Export as new Build Order

Johnyroot Terran 

Build Orders:  

Get SALT Encoding   

  12  0:00  SCV  
  13  0:14  SCV  
  14  0:20  Supply Depot  
  14  0:26  SCV  
  15  0:42  SCV  
  16  0:43  Barracks  
  16  0:51  Supply Depot  
  16  0:54  SCV  
  17  0:59  Refinery  
  17  1:06  SCV  
  18  1:18  SCV  
  19  1:25  Barracks  
  19  1:30  SCV  
  20  1:35  Marine  
  21  1:42  SCV  
  22  1:53  Marine  
  23  2:03  Factory  
  23  2:05  SCV  
  23  2:07  Supply Depot  
  24  2:11  Marine  
  24  2:13  Barracks Tech Lab  
  25  2:23  Refinery, SCV  
  25  2:29  Marine  
  27  2:31  Supply Depot  
  27  2:34  Marine  
  27  2:35  SCV  
  26  2:47  Marine  
  26  2:51  Marine  
  26  3:04  Marine  
  27  3:09  Marine  
  28  3:22  Marine  
  29  3:27  Marine, Supply Depot  
  29  3:55  Starport  
  30  3:57  Barracks Reactor, Marauder  
  30  3:58  Combat Shield  
  31  4:16  Widow Mine  
  33  4:19  Marauder  
  33  4:20  Supply Depot  
  30  5:19  Concussive Shells  
  30  5:23  Marine x2  
  30  5:26  Marauder  
  30  5:28  Starport Reactor  
  34  5:30  SCV  
  35  5:37  Engineering Bay  
  35  5:41  Marine x2  
  37  5:47  Marauder  
Tags
 
Add a new tag
Caveats
  • Supply blocks, unpowered buildings, or Contaminate may cause inaccurate times.
  • Supply counts are checked every 10 seconds.